Workbook

Sheet Balance sheet
A1: Pro Forma Balance sheet(thousands of SAR)
B2: YR 1(Current) | C2: Projection basis- Average percent of sales (%) | D2: YR 2
A3: Assets
A4: Cash | B4: 90000 | C4: =('Balance sheet'!B4/'Income statement'!B3)*100 -> 5 | D4: 94500
A5: Receivables | B5: 180000 | C5: =('Balance sheet'!B5/1800000)*100 -> 10 | D5: 198000
A6: Inventories | B6: 360000 | C6: =('Balance sheet'!B6/1800000)*100 -> 20 | D6: 432000
A7: Total current assets | B7: 630000 | C7: =('Balance sheet'!B7/1800000)*100 -> 35 | D7: =SUM(D4:D6) -> 724500
A8: Net fixed assets | B8: 720000 | C8: No change | D8: 720000
A9: Total assets | B9: 1350000 | D9: =SUM(D7:D8) -> 1444500
A11: Liabilities
A12: Accounts Payable | B12: 180000 | C12: =('Balance sheet'!B12/1800000)*100 -> 10 | D12: 198000
A13: Notes payable | B13: 78000 | C13: =('Balance sheet'!B13/1800000)*100 -> 4.3333333 | D13: 81120
A14: Accruals | B14: 90000 | C14: =('Balance sheet'!B14/1800000)*100 -> 5 | D14: 94500
A15: Total Current liabilities | B15: 348000 | D15: =SUM(D12:D14) -> 373620
A17: Equity
A18: Common stock | B18: 900000 | C18: No change | D18: 900000
A19: Retained Earnings | B19: 102000 | D19: =D20-D18-D15 -> 170880
A20: Total Liabilities &Equity | B20: =SUM(B15:B19) -> 1350000 | D20: =1444500 -> 1444500

Sheet Income statement
A1: Pro Forma Income Statement(thousands of SAR)
B2: As at 31/12,YR 1 | C2: Y2 - applying Constant growth model (8%)= 1.08 *A
A3: Sales | B3: 1800000 | C3: =1.08*B3 -> 1944000
A4: Operating Income | B4: 1639860 | C4: =1.08*B4 -> 1771048.8
A5: EBIT | B5: 160140 | C5: =1.08*B5 -> 172951.2
A6: Interest | B6: 10140 | C6: =1.08*B6 -> 10951.2
A7: Earnings before taxes | B7: 150000 | C7: =1.08*B7 -> 162000
A8: Taxes(20%) | B8: 30000 | C8: =1.08*B8 -> 32400
A9: Net income | B9: 120000 | C9: =1.08*B9 -> 129600
A10: Dividends (60%) | B10: 72000 | C10: =1.08*B10 -> 77760
A11: Addition to retained earnings | B11: 48000 | C11: 48000
